 Dungeon Crawl Stone Soup version 0.22-a0-542-gce4f928 (webtiles) character file.

73 iamserjio the Sneak (level 4, -2/38 HPs)
             Began as a Gnoll Assassin on June 24, 2018.
             Slain by a centaur (3 damage)
             ... on level 5 of the Dungeon.
             The game lasted 00:04:40 (873 turns).

iamserjio the Sneak (Gnoll Assassin)                 Turns: 873, Time: 00:04:41

Health: -2/38      AC:  3    Str: 13    XL:     4   Next: 27%
Magic:  5/5        EV: 13    Int: 14    God:
Gold:   101        SH:  0    Dex: 17    Spells: 5/5 levels left

rFire    + . .     SeeInvis .   r - +0 falchion
rCold    + . .     Gourm    .   (no shield)
rNeg     . . .     Faith    .   c - +0 robe
rPois    +         Spirit   .   (no helmet)
rElec    +         Reflect  .   d - +0 cloak
rCorr    +         Harm     .   (no gloves)
MR       .....                  (no boots)
Stlth    ++++......             (no amulet)
HPRegen  0.12/turn              (no ring)
MPRegen  0.09/turn              (no ring)

@: about to teleport, resistant
A: distributed training, fangs 1, strong nose
a: no special abilities


You were on level 5 of the Dungeon.
You were not hungry.

You visited 1 branch of the dungeon, and saw 5 of its levels.

You collected 101 gold pieces.

Inventory:

Hand Weapons
 a - a +2 dagger
 b - a +0 blowgun
 r - a +0 falchion (weapon)
 s - a +0 broad axe
Missiles
 e - 29 poisoned needles
 f - 2 curare-tipped needles {!f}
Armour
 c - a +0 robe (worn)
 d - a +0 cloak (worn)
Scrolls
 t - a scroll of fog
Potions
 j - a potion of ambrosia {unknown}
 k - a potion of brilliance {unknown}
 l - 2 potions of resistance
 p - a potion of might {unknown}
 q - a potion of flight {unknown}
Comestibles
 g - 4 rations


   Skills:
 + Level 4.6 Fighting
 + Level 4.6 Short Blades
 + Level 1.0 Long Blades
 + Level 1.0 Axes
 + Level 1.0 Maces & Flails
 + Level 1.0 Polearms
 + Level 1.0 Staves
 + Level 1.0 Slings
 + Level 1.0 Bows
 + Level 1.0 Crossbows
 + Level 4.6 Throwing
 + Level 1.0 Armour
 + Level 2.7 Dodging
 + Level 7.8 Stealth
 + Level 1.0 Shields
 + Level 1.0 Unarmed Combat
 + Level 1.0 Spellcasting
 + Level 0.8 Conjurations
 + Level 0.8 Hexes
 + Level 0.8 Charms
 + Level 0.8 Summonings
 + Level 0.8 Necromancy
 + Level 0.8 Translocations
 + Level 0.8 Transmutations
 + Level 0.8 Fire Magic
 + Level 0.8 Ice Magic
 + Level 0.8 Air Magic
 + Level 0.8 Earth Magic
 + Level 0.8 Poison Magic
 + Level 1.1 Invocations
 + Level 1.0 Evocations


You had 5 spell levels left.
You didn't know any spells.
Your spell library was empty.

Dungeon Overview and Level Annotations

Branches:
Dungeon (5/15)
 Temple: D:4-7

Altars:
Yredelemnul


Innate Abilities, Weirdness & Mutations

Your experience applies equally to all skills.
You have very sharp teeth.
Your uncanny sense of smell can sniff out nearby items.


Message History

You feel better. The worker ant closely misses you.
The worker ant completely misses you.
As you read the scroll of teleportation, it crumbles to dust.
You feel strangely unstable. The centaur hits you.
* * * LOW HITPOINT WARNING * * *
The worker ant completely misses you.
You hit the centaur.
The centaur is lightly wounded.
You hear the slow rusting of a very distant drain.
The centaur hits you.
* * * LOW HITPOINT WARNING * * *
The worker ant barely misses you. The centaur hits you.
* * * LOW HITPOINT WARNING * * *
It was a potion of resistance.
You feel protected. The worker ant bites you.
* * * LOW HITPOINT WARNING * * *
The centaur hits you.
You die...

∆ #.#
########.# ∆
... ....) .!.
.... ∆ #.# #..#
#c# #..# #@#
#..# # #a#
#..#.#####
#.####.!......#
#..........##.#
#..#######..#
#..# ### #..#
#..# ...#


You could see a centaur and a worker ant.

Vanquished Creatures
  2 adders
  3 worms (D:2)
  A dart slug (D:2)
  3 leopard geckos
  5 orcs
  A giant cockroach (D:1)
  4 goblins
  7 hobgoblins
  2 kobolds
  A quokka (D:2)
  A ball python (D:2)
  A ball python skeleton (D:5)
  A bat (D:3)
  3 frilled lizards
  2 rats
37 creatures vanquished.

Notes
Turn   | Place    | Note
-------+----------+-------------------------------------------
     0 | D:1      | iamserjio the Gnoll Assassin began the quest for the Orb.
     0 | D:1      | Reached XP level 1. HP: 20/20 MP: 1/1
     0 | D:1      | Found a basalt altar of Yredelemnul.
   141 | D:1      | Reached XP level 2. HP: 26/26 MP: 2/2
   342 | D:2      | Reached XP level 3. HP: 24/31 MP: 3/3
   534 | D:2      | Reached skill level 1 in Invocations
   702 | D:3      | Reached skill level 1 in Long Blades
   702 | D:3      | Reached skill level 1 in Axes
   702 | D:3      | Reached skill level 1 in Maces & Flails
   702 | D:3      | Reached skill level 1 in Polearms
   702 | D:3      | Reached skill level 1 in Staves
   702 | D:3      | Reached skill level 1 in Slings
   702 | D:3      | Reached skill level 1 in Bows
   702 | D:3      | Reached skill level 1 in Crossbows
   702 | D:3      | Reached skill level 1 in Armour
   702 | D:3      | Reached skill level 1 in Shields
   702 | D:3      | Reached skill level 1 in Unarmed Combat
   702 | D:3      | Reached skill level 1 in Spellcasting
   702 | D:3      | Reached skill level 1 in Evocations
   702 | D:3      | Reached XP level 4. HP: 31/38 MP: 5/5
   830 | D:5      | Entered Level 5 of the Dungeon
   842 | D:5      | Noticed a centaur
   873 | D:5      | HP: 1/38 [worker ant (1)]
   873 | D:5      | Slain by a centaur

Vault maps used:
D:1:      sevenhm_arrival_forest_fort_small_6, serial_forest,
          infiniplex_forest_end_3, infiniplex_forest_zigzag_1,
          infiniplex_forest_clump_small, infiniplex_forest_lined_corner,
          infiniplex_forest_diagonal, infiniplex_forest_clump_diagonal,
          minmay_vboxes
D:3:      cheibriados_altar_1, first_ration
D:4:      minmay_temple_entry_statues_pillars, serial_shops, kennysheep_mini,
          shop
D:5:      yredelemnul_forgotten_temple_becter, lightli_sewer_entry_pipes

Skill      XL: |  1  2  3 |
---------------+----------+-----
Invocations    | 1 |  1.1
Long Blades    | 1 |  1.0
Axes           | 1 |  1.0
Maces & Flails | 1 |  1.0
Polearms       | 1 |  1.0
Staves         | 1 |  1.0
Slings         | 1 |  1.0
Bows           | 1 |  1.0
Crossbows      | 1 |  1.0
Armour         | 1 |  1.0
Shields        | 1 |  1.0
Unarmed Combat | 1 |  1.0
Spellcasting   | 1 |  1.0
Evocations     | 1 |  1.0
Fighting       | |  4.6
Short Blades   | |  4.6
Throwing       | |  4.6
Dodging        | |  2.7
Stealth        | |  7.8
Conjurations   | |  0.8
Hexes          | |  0.8
Charms         | |  0.8
Summonings     | |  0.8
Necromancy     | |  0.8
Translocations | |  0.8
Transmutations | |  0.8
Fire Magic     | |  0.8
Ice Magic      | |  0.8
Air Magic      | |  0.8
Earth Magic    | |  0.8
Poison Magic   | |  0.8

Action                   |  1- 3 |  4- 6 || total
-------------------------+-------+-------++-------
Melee: Dagger            |    65 |       ||    65
       Bite              |     6 |     3 ||     9
       Broad axe         |     3 |    22 ||    25
       Falchion          |       |     6 ||     6
  Use: Potion            |       |     6 ||     6
       Scroll            |       |     5 ||     5
 Stab: Sleeping          |    14 |     3 ||    17
       Distracted        |     1 |       ||     1
Armor: Robe              |     5 |     2 ||     7
Dodge: Dodged            |    27 |    34 ||    61
       Rpst.: Falchion   |       |     2 ||     2

Table legend:
 A = Spawn XP
 B = Non-spawn XP
 C = Spawn XP percentage of total XP
 D = Spawn monster count
 E = Non-spawn monster count
 F = Spawn count percentage of total count
 G = Total turns spent on level
                    A         B        C        D         E        F      G
               +---------+---------+-------+---------+---------+-------+---------
         Total |       0 |     105 |   0.0 |       0 |      37 |   0.0 |   873
               +---------+---------+-------+---------+---------+-------+---------
           D:1 |       0 |      10 |   0.0 |       0 |       6 |   0.0 |   160
           D:2 |       0 |      51 |   0.0 |       0 |      16 |   0.0 |   417
           D:3 |       0 |      34 |   0.0 |       0 |      11 |   0.0 |   195
           D:4 |       0 |       6 |   0.0 |       0 |       2 |   0.0 |    58
           D:5 |       0 |       4 |   0.0 |       0 |       2 |   0.0 |    43
               +---------+---------+-------+---------+---------+-------+---------
